PAA
LANNISTER UNITED LIONHEARTS @ SUN PRAIRIE SWALLOWS
08/18/2025
 
TOP OF THE 1ST
Lannister United Lionhearts batting - Pitching for Sun Prairie Swallows : LHP Ramiro García
Pitching: LHP Ramiro García
Batting: RHB Roberto Vázquez 0-0: Fly out, F9 (Flyball, 89M)
Batting: RHB Bartolo Martínez 0-0: Ball
1-0: Ball
2-0: Called Strike
2-1: Foul Ball, location: 2F
2-2: Foul Ball, location: 2F
2-2: Strikes out swinging
Batting: RHB Louis Gibbons 0-0: Foul Ball, location: 2F
0-1: Foul Ball, location: 2F
0-2: Foul Ball, location: 2F
0-2: SINGLE (Groundball, 34) (infield hit)
Batting: RHB Ron Morton 0-0: Ball
1-0: Ball
2-0: Fielders Choice at 2nd, 6-4 (Groundball, 6)
Top of the 1st over - 0 run(s), 1 hit(s), 0 error(s), 0 left on base; Lannister United 0 - Sun Prairie 0
BOTTOM OF THE 1ST
Sun Prairie Swallows batting - Pitching for Lannister United Lionhearts : LHP Carlos Díaz
Pitching: LHP Carlos Díaz
Batting: RHB José Silva 0-0: Ball
1-0: Ground out 6-3 (Groundball, 6)
Batting: RHB Ghislain Vespucci 0-0: Ball
1-0: Ball
2-0: Swinging Strike
2-1: DOUBLE (Line Drive, 7LM)
Batting: RHB Scott Forrest 0-0: Called Strike
0-1: Called Strike
0-2: Strikes out swinging
Batting: RHB Luis Hernández 0-0: Called Strike
0-1: Ball
1-1: Fly out, F5 (Popup, 5L)
Bottom of the 1st over - 0 run(s), 1 hit(s), 0 error(s), 1 left on base; Lannister United 0 - Sun Prairie 0
TOP OF THE 2ND
Lannister United Lionhearts batting - Pitching for Sun Prairie Swallows : LHP Ramiro García
Batting: RHB Martín Alejadre 0-0: Ball
1-0: Ball
2-0: Called Strike
2-1: Foul Ball, location: 2F
2-2: Ball
3-2: Foul Ball, location: 2F
3-2: Foul Ball, location: 2F
3-2: Fly out, F9 (Flyball, 9S)
Batting: RHB Steve Hinkle 0-0: Ball
1-0: Swinging Strike
1-1: Ball
2-1: Ball
3-1: Base on Balls
Batting: RHB Bruce Ingilby 0-0: Called Strike
0-1: 2-RUN HOME RUN (Line Drive, 78XD), Distance : 433 ft
Batting: RHB Jason Compton 0-0: Ball
1-0: Called Strike
1-1: Swinging Strike
1-2: Foul Ball, location: 2F
1-2: Ball
2-2: Ball
3-2: Base on Balls
Batting: LHB Walter Frampton 0-0: Called Strike
0-1: Foul Ball, location: 2F
0-2: Ball
1-2: Ball
Jason Compton steals 2nd base
2-2: Strikes out swinging
Batting: RHB Roberto Vázquez 0-0: Called Strike
0-1: Foul Ball, location: 2F
0-2: Ball
1-2: Ball
2-2: Ball
3-2: Foul Ball, location: 2F
3-2: Foul Ball, location: 2F
3-2: Ground out 5-3 (Groundball, 56)
Top of the 2nd over - 2 run(s), 1 hit(s), 0 error(s), 1 left on base; Lannister United 2 - Sun Prairie 0
BOTTOM OF THE 2ND
Sun Prairie Swallows batting - Pitching for Lannister United Lionhearts : LHP Carlos Díaz
Batting: RHB José Sánchez 0-0: Fly out, F9 (Flyball, 9S)
Batting: RHB Cosmo Bjorkenheim 0-0: Ball
1-0: Swinging Strike
1-1: Swinging Strike
1-2: Foul Ball, location: 2F
1-2: Fly out, F7 (Flyball, 7)
Batting: RHB Alfonso López 0-0: Foul Ball, location: 2F
0-1: Ball
1-1: Ground out 6-3 (Groundball, 6S)
Bottom of the 2nd over - 0 run(s), 0 hit(s), 0 error(s), 0 left on base; Lannister United 2 - Sun Prairie 0
TOP OF THE 3RD
Lannister United Lionhearts batting - Pitching for Sun Prairie Swallows : LHP Ramiro García
Batting: RHB Bartolo Martínez 0-0: Called Strike
0-1: Fly out, F8 (Flyball, 8LS)
Batting: RHB Louis Gibbons 0-0: Ball
1-0: Ball
2-0: Called Strike
2-1: Ball
3-1: Called Strike
3-2: Foul Ball, location: 2F
3-2: Foul Ball, location: 2F
3-2: Ground out 5-3 (Groundball, 5)
Batting: RHB Ron Morton 0-0: Called Strike
0-1: Ground out 4-3 (Groundball, 4)
Top of the 3rd over - 0 run(s), 0 hit(s), 0 error(s), 0 left on base; Lannister United 2 - Sun Prairie 0
BOTTOM OF THE 3RD
Sun Prairie Swallows batting - Pitching for Lannister United Lionhearts : LHP Carlos Díaz
Batting: RHB Dan Hart 0-0: Ball
1-0: Foul Ball, location: 2F
1-1: Fly out, F9 (Flyball, 9LM)
Batting: RHB Darby Carveth 0-0: Ball
1-0: Ball
2-0: Called Strike
2-1: SINGLE (Groundball, 56D)
Batting: RHB José Silva 0-0: Swinging Strike
0-1: Ball
1-1: Swinging Strike
1-2: Strikes out swinging
Batting: RHB Ghislain Vespucci 0-0: Ball
1-0: Swinging Strike
1-1: Ball
2-1: Ball
3-1: Fly out, F9 (Flyball, 9LM)
Bottom of the 3rd over - 0 run(s), 1 hit(s), 0 error(s), 1 left on base; Lannister United 2 - Sun Prairie 0
TOP OF THE 4TH
Lannister United Lionhearts batting - Pitching for Sun Prairie Swallows : LHP Ramiro García
Batting: RHB Martín Alejadre 0-0: Ground out 4-3 (Groundball, 4)
Batting: RHB Steve Hinkle 0-0: Called Strike
0-1: Fly out, F9 (Flyball, 9D)
Batting: RHB Bruce Ingilby 0-0: Foul Ball, location: 2F
0-1: Ball
1-1: SINGLE (Groundball, 4MD)
Batting: RHB Jason Compton 0-0: Foul Ball, location: 2F
0-1: Ball
1-1: Ball
2-1: SINGLE (Line Drive, 7LS)
Bruce Ingilby to second
Batting: LHB Walter Frampton 0-0: Fly out, F7 (Flyball, 7D)
Top of the 4th over - 0 run(s), 2 hit(s), 0 error(s), 2 left on base; Lannister United 2 - Sun Prairie 0
BOTTOM OF THE 4TH
Sun Prairie Swallows batting - Pitching for Lannister United Lionhearts : LHP Carlos Díaz
Batting: RHB Scott Forrest 0-0: Ball
1-0: Foul Ball, location: 2F
1-1: SINGLE (Groundball, 6MD)
Batting: RHB Luis Hernández 0-0: Called Strike
0-1: Hit by Pitch
Scott Forrest to second
Batting: RHB José Sánchez 0-0: Ball
1-0: Ball
2-0: Ball
3-0: Called Strike
3-1: Fly out, F9 (Line Drive, 89M)
Batting: RHB Cosmo Bjorkenheim 0-0: Ball
1-0: Grounds into double play, 6-4-3 (Groundball, 6)
Bottom of the 4th over - 0 run(s), 1 hit(s), 0 error(s), 1 left on base; Lannister United 2 - Sun Prairie 0
TOP OF THE 5TH
Lannister United Lionhearts batting - Pitching for Sun Prairie Swallows : LHP Ramiro García
Batting: RHB Roberto Vázquez 0-0: Called Strike
0-1: Ball
1-1: Swinging Strike
1-2: Strikes out swinging
Batting: RHB Bartolo Martínez 0-0: Foul Ball, location: 2F
0-1: Ball
1-1: SINGLE (Line Drive, 6MD)
Batting: RHB Louis Gibbons 0-0: Called Strike
0-1: Swinging Strike
0-2: Strikes out swinging
Batting: RHB Ron Morton 0-0: Ball
1-0: Foul Ball, location: 2F
1-1: Ball
2-1: Ball
3-1: Foul Ball, location: 2F
3-2: Base on Balls
Bartolo Martínez to second
Batting: RHB Martín Alejadre 0-0: Ball
1-0: Fly out, F2 (Popup, 5S)
Top of the 5th over - 0 run(s), 1 hit(s), 0 error(s), 2 left on base; Lannister United 2 - Sun Prairie 0
BOTTOM OF THE 5TH
Sun Prairie Swallows batting - Pitching for Lannister United Lionhearts : LHP Carlos Díaz
Batting: RHB Alfonso López 0-0: Ball
1-0: Ball
2-0: Ball
3-0: Base on Balls
Batting: RHB Dan Hart 0-0: Sac Bunt - play at first, batter OUT! 1-3
Alfonso López to second
Batting: RHB Darby Carveth 0-0: Fly out, F9 (Flyball, 89M)
Runner from 2nd tags up, SAFE at 3rd with throw
Batting: RHB José Silva 0-0: Ball
1-0: Called Strike
1-1: Reached on error, E4 (Groundball, 4)
Alfonso López scores
Batting: RHB Ghislain Vespucci 0-0: Ball
1-0: Ball
2-0: Foul Ball, location: 2F
2-1: Ball
3-1: Called Strike
José Silva steals 2nd base
3-2: Ground out U3 (Groundball, 3S)
Bottom of the 5th over - 1 run(s), 0 hit(s), 1 error(s), 1 left on base; Lannister United 2 - Sun Prairie 1
TOP OF THE 6TH
Lannister United Lionhearts batting - Pitching for Sun Prairie Swallows : LHP Ramiro García
Batting: RHB Steve Hinkle 0-0: Ball
1-0: Called Strike
1-1: Fly out, F7 (Flyball, 78M)
Batting: RHB Bruce Ingilby 0-0: Ball
1-0: Foul Ball, location: 2F
1-1: Ball
2-1: Ball
3-1: Ground out 1-3 (Groundball, 15)
Batting: RHB Jason Compton 0-0: Foul Ball, location: 2F
0-1: TRIPLE (Line Drive, 9LM)
Batting: LHB Walter Frampton 0-0: Ball
1-0: Ball
2-0: Called Strike
2-1: Foul Ball, location: 2F
2-2: Foul Ball, location: 2F
2-2: Ball
3-2: Strikes out swinging
Top of the 6th over - 0 run(s), 1 hit(s), 0 error(s), 1 left on base; Lannister United 2 - Sun Prairie 1
BOTTOM OF THE 6TH
Sun Prairie Swallows batting - Pitching for Lannister United Lionhearts : LHP Carlos Díaz
Batting: RHB Scott Forrest 0-0: Called Strike
0-1: Fly out, F5 (Line Drive, 5S)
Batting: RHB Luis Hernández 0-0: Ball
1-0: Called Strike
1-1: Ball
2-1: Fly out, F9 (Flyball, 9LDF)
Batting: RHB José Sánchez 0-0: Ball
1-0: Ground out 4-3 (Groundball, 34)
Bottom of the 6th over - 0 run(s), 0 hit(s), 0 error(s), 0 left on base; Lannister United 2 - Sun Prairie 1
TOP OF THE 7TH
Lannister United Lionhearts batting - Pitching for Sun Prairie Swallows : LHP Ramiro García
Batting: RHB Roberto Vázquez 0-0: Ground out 6-3 (Groundball, 6)
Batting: RHB Bartolo Martínez 0-0: Called Strike
0-1: Foul Ball, location: 2F
0-2: Ball
1-2: Foul Ball, location: 2F
1-2: Ground out 1-3 (Groundball, 15S)
Batting: RHB Louis Gibbons 0-0: Swinging Strike
0-1: Ball
1-1: Ball
2-1: Ball
3-1: Base on Balls
Pitching: RHP Kyle MacRae
Batting: RHB Ron Morton 0-0: Called Strike
0-1: Swinging Strike
0-2: Foul Ball, location: 2F
0-2: Ball
1-2: Ball
2-2: Reached on error, E4 (Groundball, 4)
Louis Gibbons to second
Pinch Hitting: LHB Gonzalo Álvarez 0-0: SINGLE (Line Drive, 78S)
Louis Gibbons to third
Ron Morton to second
Runner from 3rd tries for Home, throw and OUT!
Top of the 7th over - 0 run(s), 1 hit(s), 1 error(s), 2 left on base; Lannister United 2 - Sun Prairie 1
BOTTOM OF THE 7TH
Sun Prairie Swallows batting - Pitching for Lannister United Lionhearts : LHP Carlos Díaz
Now in LF: Lloyd Walsh
Batting: RHB Cosmo Bjorkenheim 0-0: Ball
1-0: Swinging Strike
1-1: Ball
2-1: Fly out, F5 (Popup, 5L)
Batting: RHB Alfonso López 0-0: Ball
1-0: Ball
2-0: Foul Ball, location: 2F
2-1: Ground out 6-3 (Groundball, 6S)
Batting: RHB Dan Hart 0-0: Called Strike
0-1: Ball
1-1: Foul Ball, location: 2F
1-2: Ball
2-2: DOUBLE (Flyball, 78D)
Pinch Hitting: RHB Bobby Butterfield 0-0: SINGLE (Line Drive, 4MD)
Dan Hart to third
Runner from 3rd tries for Home, SAFE, no throw
Batting: RHB José Silva 0-0: Foul Ball, location: 2F
0-1: Called Strike
0-2: Ball
Bobby Butterfield steals 2nd base
1-2: Ground out U3 (Groundball, 34S)
Bottom of the 7th over - 1 run(s), 2 hit(s), 0 error(s), 1 left on base; Lannister United 2 - Sun Prairie 2
TOP OF THE 8TH
Lannister United Lionhearts batting - Pitching for Sun Prairie Swallows : RHP Kyle MacRae
Now at SS: Bob Wilson
Pinch Hitting: LHB Aurelio Aurillo 0-0: Ball
1-0: SINGLE (Flyball, 78S)
Pinch Runner at 1st Andrés Escobar:
Batting: RHB Bruce Ingilby 0-0: Ball
1-0: Ball
Andrés Escobar is caught stealing 2nd base
2-0: Fly out, F9 (Flyball, 9)
Pinch Hitting: LHB Evan Nelson 0-0: Foul Ball, location: 2F
0-1: Ground out 3-1 (Groundball, 34)
Top of the 8th over - 0 run(s), 1 hit(s), 0 error(s), 0 left on base; Lannister United 2 - Sun Prairie 2
BOTTOM OF THE 8TH
Sun Prairie Swallows batting - Pitching for Lannister United Lionhearts : LHP Carlos Díaz
Pitching: RHP Ángel Salazar
Now at 1B: Andrés Escobar
Now at SS: Jim Unknown
Batting: RHB Ghislain Vespucci 0-0: Ball
1-0: Swinging Strike
1-1: Fly out, F8 (Flyball, 8RS)
Batting: RHB Scott Forrest 0-0: Ball
1-0: Called Strike
1-1: DOUBLE (Flyball, 78XD)
Batting: RHB Luis Hernández 0-0: Foul Ball, location: 2F
0-1: Ground out 6-3 (Groundball, 6)
Batting: RHB José Sánchez 0-0: Called Strike
0-1: Fly out, F9 (Flyball, 9)
Bottom of the 8th over - 0 run(s), 1 hit(s), 0 error(s), 1 left on base; Lannister United 2 - Sun Prairie 2
TOP OF THE 9TH
Lannister United Lionhearts batting - Pitching for Sun Prairie Swallows : RHP Kyle MacRae
Pitching: RHP Ricardo Ramírez
Batting: LHB Walter Frampton 0-0: Ball
1-0: Swinging Strike
1-1: Ball
2-1: Fly out, F9 (Flyball, 9S)
Batting: RHB Roberto Vázquez 0-0: Called Strike
0-1: Ball
1-1: Ball
2-1: Ball
3-1: Foul Ball, location: 2F
3-2: Fly out, F7 (Flyball, 7)
Batting: RHB Bartolo Martínez 0-0: Ground out 3-1 (Groundball, 34)
Top of the 9th over - 0 run(s), 0 hit(s), 0 error(s), 0 left on base; Lannister United 2 - Sun Prairie 2
BOTTOM OF THE 9TH
Sun Prairie Swallows batting - Pitching for Lannister United Lionhearts : RHP Ángel Salazar
Batting: RHB Cosmo Bjorkenheim 0-0: Foul Ball, location: 2F
0-1: Ground out 6-3 (Groundball, 6)
Pinch Hitting: RHB Jim Unknown 0-0: Ball
1-0: Ball
2-0: Foul Ball, location: 2F
2-1: SOLO HOME RUN (Flyball, 9LD), Distance : 354 ft
Friday, December 30th, 2016 - OOTP Baseball 17.12 Build 75